 Dungeon Crawl Stone Soup version 0.30.0-19-g36f170ea60 (webtiles) character file.

Game seed: 5270262130139500786

14045 Graphine the Frost Mage (level 11, -7/151 HPs)
             Began as a Grey Draconian Ice Elementalist on May 30, 2023.
             Was a Priest of Vehumet.
             Mangled by a large slime creature (25 damage)
             ... in an ice cave.
             The game lasted 00:58:44 (12444 turns).

Graphine the Frost Mage (DrIE)                     Turns: 12444, Time: 00:58:45

Health: -7/151     AC: 17    Str: 13    XL:     11   Next: 83%
Magic:  23/23      EV:  2    Int: 24    God:    Vehumet [***...]
Gold:   405        SH:  4    Dex: 11    Spells: 10/26 levels left

rFire   x . .        v - +5 falchion
rCold   + + .        I - +1 buckler "Trusted Companion" {Will+ Int+4}
rNeg    + . .        (body armour unavailable)
rPois   +            (helmet currently unavailable)
rElec   +            l - melded +2 cloak
rCorr   +            (gloves currently unavailable)
SInv    .            (boots currently unavailable)
Will    +....        (no amulet)
Stlth   +            n - ring of ice
HPRegen 0.45/turn    A - ring of Autumn {rElec rC+ rN+ rCorr Str+2}
MPRegen 0.18/turn

%: no passive effects
@: tree-form, silenced, hasted, corroded, very quick
A: stationary, stasis, torment immunity, boosted hp, AC +12, (amphibious),
unfitting armour, (cold-blooded)
a: Renounce Religion


You were in an ice cave.
You worshipped Vehumet.
Vehumet was most pleased with you.
You were a tree.
You visited 3 branches of the dungeon, and saw 11 of its levels.
You also visited: Ossuary and Ice Cave.

You collected 730 gold pieces.
You spent 325 gold pieces at shops.

Inventory:

Hand Weapons
 f - a +1 sling
 v - a +5 falchion (weapon)
 L - a +2 glaive of protection
 S - a +0 halberd of freezing
Missiles
 k - 3 curare-tipped darts
 p - 2 throwing nets
 M - 5 boomerangs of dispersal
Armour
 l - a +2 cloak (melded)
 w - a +2 robe of the Archmagi
 I - the +1 buckler "Trusted Companion" (worn) {Will+ Int+4}
   (You bought it in a shop on level 7 of the Dungeon)

   Int:       It affects your intelligence (+4).
   Will:      It increases your willpower.
 K - a scarf of invisibility
 N - a +0 kite shield of cold resistance
 T - a +0 robe of resistance
Magical Staves
 O - a staff of conjuration
Jewellery
 n - a ring of ice (left branch)
 q - a ring of resist corrosion
 A - the ring of Autumn (right branch) {rElec rC+ rN+ rCorr Str+2}
   (You found it on level 6 of the Dungeon)

   [ring of positive energy]

   Str:       It affects your strength (+2).
   rC:        It protects you from cold.
   rElec:     It insulates you from electricity.
   rN:        It protects you from negative energy.
   rCorr:     It protects you from acid and corrosion.
 C - a +6 ring of intelligence
 Q - a ring of positive energy
Wands
 a - a wand of mindburst (10)
 b - a wand of acid (9)
 y - a wand of digging (1)
 P - a wand of roots (4)
Scrolls
 c - 5 scrolls of identify
 d - 3 scrolls of enchant armour
 j - a scroll of vulnerability
 o - 4 scrolls of blinking
 t - 2 scrolls of magic mapping
 u - a scroll of poison
 z - 4 scrolls of teleportation
 D - a scroll of fear
 E - a scroll of noise
 F - 3 scrolls of enchant weapon
 G - a scroll of immolation
 J - 2 scrolls of fog
Potions
 e - 3 potions of degeneration
 g - 2 potions of resistance
 h - 2 potions of might
 i - 3 potions of mutation
 m - a potion of brilliance
 r - 2 potions of curing
 s - 2 potions of flight
 x - 2 potions of attraction
 B - a potion of haste
 R - a potion of magic


   Skills:
 * Level 10.8 Fighting
 - Level 6.0 Dodging
 - Level 2.1 Stealth
 - Level 8.0 Spellcasting
 * Level 13.4 Ice Magic


You had 10 spell levels left.
You knew the following spells:

 Your Spells              Type           Power      Damage    Failure   Level
a - Freeze                Ice            100%       1d10      1%          1
b - Frozen Ramparts       Ice            100%       1d16      1%          3
c - Summon Ice Beast      Ice/Summ       58%        N/A       6%          4
d - Ozocubu's Armour      Ice            84%        N/A       1%          3
e - Poisonous Vapours     Pois/Air       18%        N/A       4%          2
f - Ignite Poison         Fire/Tmut/Pois 9%         N/A       7%          3

Your spell library contained the following spells:

 Spells                   Type           Power      Damage    Failure   Level
 Sticky Flame             Conj/Fire      9%         2d3       22%         4
 Apportation              Tloc           18%        N/A       9%          1
 Necrotise                Necr           36%        1d5       9%          1
 Sting                    Tmut/Pois      36%        1d4       9%          1
 Summon Small Mammal      Summ           36%        N/A       9%          1
 Olgreb's Toxic Radiance  Pois           9%         N/A       22%         4
 Anguish                  Hex/Necr       4%         N/A       65%         4
 Cause Fear               Hex            4%         N/A       65%         4
 Summon Mana Viper        Hex/Summ       9%         N/A       94%         5
 Enfeeble                 Hex            4%         N/A       100%        7
 Monstrous Menagerie      Summ           4%         N/A       100%        7


Dungeon Overview and Level Annotations

Branches:
Dungeon (8/15)             Temple (1/1) D:6            Lair (2/5) D:8
Ossuary (visited)           IceCv (1/1)
  Swamp: Lair:2-3    Shoals: Lair:2-3     Snake: Lair:2-3    Spider: Lair:2-3

Altars:
Ashenzari
Cheibriados
Dithmenos
Elyvilon
Fedhas
Gozag
Hepliaklqana
Kikubaaqudgha
Makhleb
Nemelex Xobeh
Okawaru
Qazlal
Ru
Sif Muna
Trog
Uskayaw
Vehumet
Wu Jian
Xom
Yredelemnul
The Shining One

Shops:
D:1 :   D:3 *   D:7 *

Annotations:
Lair:2 1 runed translucent door, onwiheg's ghost, journeyman DgCj IceCv exclusion: 3 ice statues


Innate Abilities, Weirdness & Mutations

You are a tree.
Your roots penetrate the ground, keeping you stationary.
You cannot be teleported.
You are immune to unholy pain and torment.
Your maximum health is greatly increased.
Your equipment is partially melded.
((Your dull iron-grey scales are very hard. (AC +12)))
((You are amphibious.))
You cannot fit into any form of body armour.
((You are cold-blooded and may be slowed by cold attacks.))


Message History

The ice beast closely misses you. The ice beast barely misses you.
The ice beast hits you but does no damage.
You barely miss the ice beast.
You tail-slap the ice beast, but do no damage.
The ice beast is moderately wounded.
The ice beast hits you. The ice beast freezes you. You resist.
The ice beast hits you but does no damage. x2
The large slime creature closely misses you.
You completely miss the ice beast.
Your tail-slap misses the ice beast.
The ice beast is lightly wounded.
You block the ice beast's attack. x2
The ice beast hits you but does no damage.
The large slime creature hits you!! You block the ice beast's attack.
The ice beast hits you. The ice beast freezes you. You resist.
The ice beast closely misses you.
You cannot cast spells when silenced!
Really quaff the potion of lignification?
You turn into a tree.
Your +2 cloak melds into your body.
Your roots penetrate the ground.
The large slime creature hits you!!
* * * LOW HITPOINT WARNING * * *
The ice beast hits you but does no damage.
The ice beast completely misses you.
The ice beast hits you but does no damage.
You feel better.
The large slime creature completely misses you.
The ice beast hits you but does no damage. x3
You feel yourself speed up. The large slime creature hits you!!
* * * LOW HITPOINT WARNING * * *
The ice beast hits you.
* * * LOW HITPOINT WARNING * * *
The ice beast freezes you. You resist.
* * * LOW HITPOINT WARNING * * *
The ice beast hits you but does no damage. x2
You hit the large slime creature but do no damage.
The large slime creature hits you but does no damage.
The ice beast hits you but does no damage. x3
You hit the large slime creature.
The large slime creature is lightly wounded.
The large slime creature hits you!!
You die...

##.## ####...####
####.........####
###.....#####.....#
##....####...###....
####....###.......####.
##.....#.....8# .....##
#.....##Y...### #....
#......Y♣YY### .####...
#.....###J## ........
#...... #Y.. #8...###
##.......Y...# ###. #
###....8....#
########.## .# ..


You could see an ice statue, a large slime creature and 6 ice beasts.

Vanquished Creatures
  Pikel (D:4)
  A torpor snail (Lair:1)
  A cane toad (Lair:2)
  2 komodo dragons (Lair:1)
  2 blink frogs (Lair:1)
  A hornet (D:8)
  A dream sheep (Lair:1)
  3 slime creatures (IceCv)
  Sigmund (D:3)
  A wyvern (D:8)
  6 yaks
  4 water moccasins
  2 nameless horrors
  An orc warrior (D:7)
  2 great orb of eyes simulacra (IceCv)
  3 ogres
  3 wolves (Lair:1)
  A phantom (D:5)
  A slime creature simulacrum (IceCv)
  3 kobold brigands
  3 lemures (D:4)
  A gnoll sergeant (D:8)
  A bullfrog (D:7)
  4 scorpions
  3 glowing shapeshifter simulacra (IceCv)
  6 wights (D:6)
  2 killer bees (D:7)
  A human zombie (Ossuary)
  2 jellies
  2 orc priests (D:5)
  2 sleepcaps
  5 iguanas
  An orc wizard (D:4)
  A mummy (Ossuary)
  5 adders
  14 gnolls
  A white imp (D:7)
  2 worms (D:2)
  3 dart slugs
  19 orcs
  8 endoplasms
  4 giant cockroaches
  A gnoll zombie (D:7)
  5 goblins
  14 hobgoblins
  3 jackals (D:4)
  A quokka (D:1)
  9 ball pythons
  6 bats
  4 frilled lizards
  A hobgoblin zombie (Ossuary)
  A jackal zombie (D:7)
  59 kobolds
  2 kobold zombies (Ossuary)
  5 rats (D:1)
  A rat zombie (Ossuary)
242 creatures vanquished.

Vanquished Creatures (collateral kills)
  2 skysharks (Lair:2)
  A torpor snail (Lair:2)
  A cane toad (Lair:1)
  2 hornets (D:8)
  2 blink frogs (Lair:1)
  3 dream sheep
  3 slime creatures (IceCv)
  A wyvern (D:8)
  5 yaks
  A wraith (D:8)
  2 basilisks (D:8)
  Menkaure (D:7)
  2 water moccasins (Lair:1)
  A black bear (D:6)
  2 great orb of eyes simulacra (IceCv)
  A sky beast (D:7)
  3 wolves (Lair:1)
  A centaur (D:8)
  A slime creature simulacrum (IceCv)
  2 nameless horrors (D:8)
  A kobold brigand (D:6)
  3 bullfrogs (D:8)
  A scorpion (D:7)
  4 wights (D:6)
  4 killer bees
  2 hounds (D:6)
  A human zombie (Ossuary)
  A gnoll bouda (D:8)
  An orc priest (D:8)
  An iguana (D:8)
  2 sleepcaps (D:5)
  An orc wizard (D:7)
  A shapeshifter simulacrum (IceCv)
  2 mummies (Ossuary)
  2 adders (D:6)
  A shadow imp (D:7)
  A white imp (D:6)
  5 adder zombies (Ossuary)
  4 orcs
  An endoplasm (D:4)
  A gnoll zombie (Ossuary)
  A goblin zombie (Ossuary)
  3 kobolds (D:6)
  A kobold zombie (Ossuary)
  A quokka zombie (Ossuary)
  3 rat zombies (Ossuary)
86 creatures vanquished.

Grand Total: 328 creatures vanquished

Notes
Turn   | Place    | Note
-------+----------+-------------------------------------------
     0 | D:1      | Graphine the Draconian Ice Elementalist began the quest for
                  | the Orb.
     0 | D:1      | Reached XP level 1. HP: 14/14 MP: 3/3
    18 | D:1      | Reached XP level 2. HP: 11/20 MP: 3/5
   522 | D:1      | Reached XP level 3. HP: 26/26 MP: 6/6
   650 | D:1      | Found Daciur Rucs's Vocational Training.
  1074 | D:2      | Learned a level 3 spell: Frozen Ramparts
  1457 | D:2      | Reached XP level 4. HP: 33/33 MP: 0/8
  1463 | D:2      | Learned a level 4 spell: Summon Ice Beast
  1529 | D:2      | Found a faded altar of an unknown god.
  2069 | D:3      | Noticed Sigmund
  2076 | D:3      | Killed Sigmund
  2077 | D:3      | Reached skill level 5 in Ice Magic
  2077 | D:3      | Reached XP level 5. HP: 10/38 MP: 3/9
  2466 | D:3      | Found Qova's Assorted Antiques.
  2473 | D:3      | Bought a scroll labelled VIOTHIPIFI for 24 gold pieces
  2473 | D:3      | Bought a scroll labelled SATHRO FAUGOWI for 24 gold pieces
  2473 | D:3      | Bought a lumpy grey potion for 21 gold pieces
  2713 | D:3      | Reached XP level 6. HP: 45/45 MP: 7/11
  2834 | D:3      | Reached skill level 6 in Ice Magic
  3405 | D:3      | Your scales start taking on a dull iron-grey colour.
  3405 | D:3      | Reached XP level 7. HP: 32/50 MP: 5/12
  3880 | D:4      | Noticed Pikel
  3895 | D:4      | Killed Pikel
  3896 | D:4      | Reached skill level 7 in Ice Magic
  3896 | D:4      | Reached XP level 8. HP: 10/57 MP: 2/15
  4307 | D:4      | Reached skill level 8 in Ice Magic
  4577 | D:4      | Learned a level 3 spell: Ozocubu's Armour
  4580 | D:5      | Entered Level 5 of the Dungeon
  4588 | D:5      | Reached skill level 5 in Spellcasting
  4683 | D:5      | Reached skill level 5 in Dodging
  5532 | D:6      | Reached skill level 9 in Ice Magic
  5706 | D:6      | Reached XP level 9. HP: 24/61 MP: 6/17
  6016 | D:6      | Reached skill level 1 in Fighting
  6815 | D:6      | Identified the ring of Autumn {rElec rC+ rN+ rCorr Str+2}
  6994 | D:6      | Found a staircase to the Ecumenical Temple.
  7117 | Temple   | Entered the Ecumenical Temple
  7250 | Temple   | Became a worshipper of Vehumet
  7372 | D:7      | Noticed Menkaure
  7380 | D:7      | Killed Menkaure
  7400 | D:7      | Reached skill level 10 in Ice Magic
  7403 | D:7      | Found a stormy altar of Qazlal.
  7403 | D:7      | Found a broken altar of Ashenzari.
  7468 | D:7      | Found a blossoming altar of Fedhas.
  7624 | D:7      | Found a bloodstained altar of Trog.
  7626 | D:7      | Found a hide-covered altar of Uskayaw.
  7904 | D:7      | Found a sand-covered staircase.
  7919 | Ossuary  | Entered an ossuary
  7989 | Ossuary  | Reached * piety under Vehumet
  7989 | Ossuary  | Offered knowledge of Foxfire by Vehumet.
  8217 | D:7      | Found Haurr's Assorted Antiques.
  8225 | D:7      | Bought a polished buckler for 256 gold pieces
  8225 | D:7      | Identified the +1 buckler "Trusted Companion" {Will+ Int+4}
                  | (You bought it in a shop on level 7 of the Dungeon)
  8586 | D:8      | Reached skill level 5 in Fighting
  8671 | D:8      | Reached XP level 10. HP: 64/81 MP: 11/19
  8745 | D:8      | Found a snail-covered altar of Cheibriados.
  8845 | D:8      | Found a staircase to the Lair.
  8863 | D:8      | Reached skill level 11 in Ice Magic
  8863 | D:8      | Offered knowledge of Scorch by Vehumet.
  8923 | D:8      | Reached ** piety under Vehumet
  9231 | D:8      | Found a burning altar of Makhleb.
  9615 | D:8      | Found a hazy altar of Hepliaklqana.
  9866 | Lair:1   | Entered Level 1 of the Lair of Beasts
 10296 | Lair:1   | Noticed a torpor snail
 10310 | Lair:1   | Killed a torpor snail
 10311 | Lair:1   | Reached skill level 12 in Ice Magic
 10311 | Lair:1   | Reached XP level 11. HP: 72/95 MP: 11/22
 10481 | Lair:1   | Offered knowledge of Ignite Poison by Vehumet.
 11292 | Lair:2   | Noticed a skyshark
 11312 | Lair:2   | Killed a skyshark
 11400 | Lair:2   | Noticed a skyshark
 11402 | Lair:2   | Found a gate leading to a gauntlet.
 11416 | Lair:2   | Killed a skyshark
 11602 | Lair:2   | Found a runed translucent door.
 11605 | Lair:2   | Noticed onwiheg's ghost (journeyman DgCj)
 11613 | Lair:2   | Reached *** piety under Vehumet
 11614 | Lair:2   | Reached skill level 10 in Fighting
 11622 | Lair:2   | Reached skill level 13 in Ice Magic
 11641 | Lair:2   | Found a frozen archway.
 11696 | IceCv    | Entered an ice cave
 11740 | IceCv    | Learned a level 2 spell: Poisonous Vapours
 11744 | IceCv    | Learned a level 3 spell: Ignite Poison
 12075 | IceCv    | Offered knowledge of Sticky Flame by Vehumet.
 12444 | IceCv    | Mangled by a large slime creature

Illustrated notes

Levels and vault maps discovered:
D:1:      mrwooster_arrival_statue_2, layout_basic, nicolae_shop_vocational
D:2:      layout_loops_cross, ebering_ecumenical_altar_box,
          minmay_splitting_lines, kennysheep_path_1
D:3:      minmay_goblin_kobold_castle, layout_loops_cross, serial_shops, shop,
          hangedman_decor_peaks_small, uniq_sigmund
D:4:      layout_rooms, uniq_pikel
D:5:      layout_rooms
D:6:      layout_cave_pods, minmay_temple_entry_glassed_door
D:7:      layout_gridville, fedhas_altar_1, mainiacjoe_overflow_catwalk_spiral,
          gammafunk_temple_overflow_elements, serial_shops,
          nicolae_shop_peninsula, enter_ossuary_3, due_unseen_surprise,
          uniq_menkaure
D:8:      layout_gridville, nicolae_hepliaklqana_hippocampus,
          general_overflow_altar, mainiacjoe_overflow_paths,
          minmay_lair_entry_grove, hangedman_decor_opposing, minmay_microvault
Temple:   dshaligram_water_room_temple
Lair:1:   layout_long_grid, grunt_megastairs_3
Lair:2:   layout_chaotic_city, swamp_mist, guppyfry_snake_entry_island,
          gauntlet_entry_generic, portal_ice_cave_entry_pillars_2,
          ebering_ghost_reflecting_pool, serial_bayou_shore_b
IceCv:    ice_cave_hellmonk_azure_passage

Skill      XL: |  1  2  3  4  5  6  7  8  9 10 11 |
---------------+----------------------------------+-----
Dodging        | 2 3 4 5 6 |  6.0
Stealth        | 2 |  2.1
Spellcasting   | 3 4 5 6 7 8 |  8.0
Ice Magic      | 5 6 7 9 10 12 13 | 13.4
Fighting       | 5 8 10 | 10.8

Action                     |  1- 3 |  4- 6 |  7- 9 | 10-12 || total
---------------------------+-------+-------+-------+-------++-------
  Melee: Unarmed           |     1 |       |       |       ||     1
         Spear             |    41 |       |       |       ||    41
         Tailslap          |     3 |       |       |     1 ||     4
         Falchion          |       |       |       |     6 ||     6
   Fire: Sling             |    48 |   165 |   306 |   392 ||   911
  Throw: Dart              |       |       |     1 |       ||     1
         Boomerang         |       |       |       |     1 ||     1
   Cast: Freeze            |    26 |     5 |       |     1 ||    32
         Frozen Ramparts   |     5 |    19 |    34 |    28 ||    86
         Summon Ice Beast  |       |       |    37 |    43 ||    80
         Ozocubu's Armour  |       |       |    13 |    27 ||    40
  Evoke: Wand              |       |       |     1 |     3 ||     4
    Use: Potion            |     1 |     1 |     1 |     7 ||    10
         Scroll            |       |     8 |    16 |     2 ||    26
   Stab: Sleeping          |     4 |       |       |       ||     4
 Armour: Skin              |    18 |    25 |    86 |   260 ||   389
  Dodge: Dodged            |    42 |    47 |   144 |   264 ||   497
  Block: Buckler           |       |       |     1 |    75 ||    76
